 Dungeon Crawl Stone Soup version 0.21.1-1-g345015f (webtiles) character file.

1422 wojtek the Cleaver (level 8, 0/70 HPs)
             Began as a Minotaur Fighter on June 2, 2018.
             Was an Initiate of Makhleb.
             Slain by a slave (7 damage)
             ... led by Pikel
             ... on level 5 of the Dungeon.
             The game lasted 00:05:14 (3735 turns).

wojtek the Cleaver (Minotaur Fighter)               Turns: 3735, Time: 00:05:15

Health: 0/70       AC: 12    Str: 23    XL:     8   Next: 44%
Magic:  8/8        EV:  6    Int:  5    God:    Makhleb [......]
Gold:   137        SH: 10    Dex: 10    Spells: 7/7 levels left

rFire    . . .     SeeInvis .   a - +0 war axe
rCold    . . .     Gourm    .   c - +0 shield
rNeg     . . .     Faith    .   w - +0 plate armour
rPois    .         Spirit   .   (helmet restricted)
rElec    .         Reflect  .   (no cloak)
rCorr    .         Harm     .   (no gloves)
MR       .....                  (no boots)
Stlth    ..........             (no amulet)
HPRegen  0.21/turn              (no ring)
MPRegen  0.11/turn              (no ring)

@: no status effects
A: retaliatory headbutt, horns 2
a: Renounce Religion


You were on level 5 of the Dungeon.
You worshipped Makhleb.
Makhleb was noncommittal.
You were not hungry.

You visited 1 branch of the dungeon, and saw 5 of its levels.
You also visited: Ossuary.

You collected 137 gold pieces.

Inventory:

Hand Weapons
 a - a +0 war axe (weapon)
 v - a +0 battleaxe
Missiles
 h - a throwing net (quivered)
Armour
 c - a +0 shield (worn)
 w - a +0 plate armour (worn)
Scrolls
 b - a scroll of silence {unknown}
 e - a scroll of immolation {unknown}
 g - a scroll of blinking {unknown}
 j - a scroll of magic mapping {unknown}
 k - a scroll of amnesia {unknown}
 l - 2 scrolls of identify {unknown}
 n - a scroll of remove curse
 q - a scroll of enchant armour {unknown}
 t - a scroll of fear {unknown}
 u - 5 scrolls of teleportation
Potions
 d - 5 potions of might
 i - 2 potions of brilliance {unknown}
 m - 2 potions of curing
 o - 3 potions of resistance {unknown}
 p - 2 potions of haste {unknown}
 r - 3 potions of heal wounds {unknown}
 s - 3 potions of lignification {unknown}
 x - a potion of degeneration {unknown}
 z - a potion of magic {unknown}
Comestibles
 f - 9 rations


   Skills:
 + Level 6.0 Fighting
 + Level 8.1 Axes
 + Level 6.0 Armour
 + Level 4.1 Dodging
 + Level 6.1 Shields
 * Level 1.3 Invocations


You had 7 spell levels left.
You didn't know any spells.

Dungeon Overview and Level Annotations

Branches:
Dungeon (6/15)
 Temple: D:4-7

Altars:
Gozag
Makhleb
Sif Muna
Xom

Annotations:
D:5 Pikel


Innate Abilities, Weirdness & Mutations

You reflexively headbutt those who attack you in melee.
You have a pair of horns on your head.


Message History

* * * LOW HITPOINT WARNING * * *
You hit Pikel but do no damage. You headbutt Pikel.
Pikel is moderately wounded.
You hit the slave but do no damage. You hit the slave.
You block Pikel's attack. You block the slave's attack.
The slave hits you but does no damage.
Unknown command.
You slash Pikel!
Pikel is severely wounded.
You hit the slave but do no damage. You closely miss the slave.
Pikel hits you but does no damage. The slave hits you but does no damage.
The slave hits you.
* * * LOW HITPOINT WARNING * * *
Unknown command.
Your shield and plate armour prevent you from hitting Pikel.
Pikel is severely wounded.
You closely miss the slave. x2; You block Pikel's attack.
The slave hits you.
* * * LOW HITPOINT WARNING * * *
The slave hits you!
You die...

..........#
................#
................#
................##
.................#
.................#
................##
......p[........#
......K@.......##
......p[.(.....#
..............##
##...........##
##.........##
###.....###
#######


You could see Pikel and 2 slaves.

Vanquished Creatures
  Grinder (D:6)
  Edmund (D:6)
  2 orc warriors (D:6)
  2 slaves (D:5)
  An ice beast (D:5)
  An ogre (D:6)
  5 water moccasin zombies (Ossuary)
  A crimson imp (D:5)
  2 orc wizards (D:6)
  A bullfrog skeleton (D:5)
  An iguana (D:6)
  A worker ant (D:5)
  3 big kobold zombies (Ossuary)
  2 mummies (Ossuary)
  3 gnolls (D:3)
  7 adders
  6 adder zombies (Ossuary)
  5 worms
  2 dart slugs (D:1)
  3 leopard geckos
  6 orcs
  9 bats
  8 giant cockroaches
  2 gnoll zombies
  2 goblins (D:1)
  5 hobgoblins
  8 jackals
  6 kobolds
  2 quokkas (D:3)
  A ball python (D:1)
  4 frilled lizards
  3 hobgoblin zombies (Ossuary)
  7 kobold zombies (Ossuary)
  A leopard gecko zombie (D:5)
  3 orc zombies (Ossuary)
  4 rats
  A rat zombie (D:6)
122 creatures vanquished.

Notes
Turn   | Place    | Note
-------+----------+-------------------------------------------
     0 | D:1      | wojtek the Minotaur Fighter began the quest for the Orb.
     0 | D:1      | Reached XP level 1. HP: 19/19 MP: 0/0
    35 | D:1      | Reached skill level 3 in Axes
    77 | D:1      | Reached XP level 2. HP: 26/26 MP: 1/1
   414 | D:2      | Reached skill level 4 in Axes
   414 | D:2      | Reached XP level 3. HP: 22/31 MP: 2/2
   773 | D:2      | Found an opulent altar of Gozag.
   980 | D:2      | Reached skill level 5 in Axes
  1060 | D:2      | Reached XP level 4. HP: 25/39 MP: 3/3
  1359 | D:2      | Found a deep blue altar of Sif Muna.
  1508 | D:3      | Reached skill level 6 in Axes
  1522 | D:3      | Reached XP level 5. HP: 41/45 MP: 4/4
  1903 | D:3      | Found a shimmering altar of Xom.
  1904 | D:3      | Found a shimmering altar of Xom.
  1904 | D:3      | Found a shimmering altar of Xom.
  1906 | D:3      | Found a shimmering altar of Xom.
  1917 | D:3      | You fall through a shaft for 3 floors!
  1924 | D:6      | Noticed an ogre
  1934 | D:6      | Killed an ogre
  1934 | D:6      | Reached skill level 1 in Dodging
  1949 | D:6      | Found a sand-covered staircase.
  1959 | D:6      | Noticed Edmund
  1961 | D:6      | Noticed an orc warrior
  1963 | D:6      | Noticed Grinder
  1966 | Ossuary  | Entered an ossuary
  2004 | Ossuary  | Reached XP level 6. HP: 41/52 MP: 5/5
  2171 | Ossuary  | Reached skill level 7 in Axes
  2225 | Ossuary  | Reached XP level 7. HP: 46/60 MP: 6/6
  2571 | D:6      | Killed Edmund
  2571 | D:6      | Reached skill level 5 in Fighting
  2571 | D:6      | Reached skill level 5 in Armour
  2571 | D:6      | Reached skill level 5 in Shields
  2867 | D:6      | Reached XP level 8. HP: 10/69 MP: 7/7
  2994 | D:6      | Paralysed by Grinder for 5 turns
  3003 | D:6      | Paralysed by Grinder for 7 turns
  3020 | D:6      | Killed Grinder
  3612 | D:5      | Entered Level 5 of the Dungeon
  3612 | D:5      | Found a burning altar of Makhleb.
  3625 | D:5      | Became a worshipper of Makhleb the Destroyer
  3629 | D:5      | Reached skill level 8 in Axes
  3702 | D:5      | Reached skill level 1 in Invocations
  3719 | D:5      | Noticed Pikel
  3735 | D:5      | Slain by a slave

Skill      XL: |  1  2  3  4  5  6  7  8 |
---------------+-------------------------+-----
Axes           | 3 4 5 6 7 8 |  8.1
Fighting       | 4 5 6 |  6.0
Armour         | 4 5 6 |  6.0
Dodging        | 1 2 3 4 |  4.1
Shields        | 4 5 6 |  6.1
Invocations    | 1 |  1.3

Action                   |  1- 3 |  4- 6 |  7- 9 || total
-------------------------+-------+-------+-------++-------
Melee: War axe           |    86 |   140 |   138 ||   364
       Headbutt          |     8 |    18 |    26 ||    52
  Use: Scroll            |       |       |     2 ||     2
  Eat: Chunk             |     1 |     3 |     6 ||    10
Armor: Scale mail        |    39 |    59 |    11 ||   109
       Plate armour      |       |       |    44 ||    44
Dodge: Dodged            |    30 |    49 |    36 ||   115
Block: Shield            |    40 |    82 |    93 ||   215
